 Dungeon Crawl Stone Soup version 0.31.0-12-g77e489cdc1 (webtiles) character file.

Game seed: 15379627074437895633

2613 Doomgape the Ruffian (level 9, 0/82 HPs)
             Began as a Troll Fighter on Mar 4, 2024.
             Was a Follower of Hepliaklqana.
             Succumbed to a killer bee's poison
             ... on level 8 of the Dungeon.
             The game lasted 00:17:15 (7268 turns).

Doomgape the Ruffian (Troll Fighter)                Turns: 7268, Time: 00:17:15

Health: 0/82       AC:  5    Str: 30    XL:     9   Next: 34%
Magic:  8/8        EV: 11    Int:  4    God:    Hepliaklqana [*.....]
Gold:   539        SH:  0    Dex:  9    Spells: 8/8 levels left

rFire   . .          .
                       - Unarmed
rCold   . . .        (no shield)
rNeg    . . .        g - +1 robe {Will+}
rPois   .            (helmet restricted)
rElec   .            (no cloak)
rCorr   .            (gloves unavailable)
SInv    +            (boots unavailable)
Will    +....        (no amulet)
Stlth   +            y - ring of see invisible
HPRegen 1.13/turn    (no ring)
MPRegen 0.11/turn

%: no passive effects
@: lethally poisoned (0 -> 0), studying Invocations
A: reduced essence, large, unfitting armour, claws 3, regeneration 1, shaggy fur
1, tough skin 1
a: Renounce Religion, Recall Ancestor, Ancestor Identity


You were on level 8 of the Dungeon.
You worshipped Hepliaklqana.
Hepliaklqana was aware of your devotion.
You visited 2 branches of the dungeon, and saw 9 of its levels.
You also visited: Sewer.

You collected 539 gold pieces.

Inventory:

Missiles
 j - 4 large rocks (quivered)
Armour
 b - a +0 kite shield
 g - a +1 robe of willpower (worn)
 C - a +0 kite shield of reflection
Jewellery
 v - a ring of fire
 y - a ring of see invisible (left claw)
Wands
 a - a wand of iceblast (14)
 x - a wand of paralysis (8)
 B - a wand of flame (12)
Scrolls
 d - 2 scrolls of brand weapon {unknown}
 i - 4 scrolls of teleportation
 l - a scroll of summoning
 m - a scroll of identify
 n - 2 scrolls of amnesia
 o - a scroll of vulnerability
 q - 4 scrolls of noise
 r - a scroll of fear {unknown}
 u - 4 scrolls of fog
Potions
 c - a potion of might
 f - 2 potions of berserk rage
 h - a potion of magic
 p - a potion of cancellation
 s - a potion of invisibility
 t - a potion of enlightenment {unknown}
 w - 3 potions of degeneration {unknown}
 z - a potion of brilliance
 A - a potion of ambrosia {unknown}


   Skills:
 + Level 6.6 Fighting
 + Level 6.5 Dodging
 - Level 3.3 Shields
 + Level 7.5 Unarmed Combat


You had 8 spell levels left.
You didn't know any spells.
Your spell library contained the following spells:

 Spells                   Type           Power      Damage    Failure   Level
 Ensorcelled Hibernation  Hex/Ice        0%         N/A       65%         2
 Passwall                 Erth           0%         N/A       86%         3
 Swiftness                Air            0%         N/A       86%         3


Dungeon Overview and Level Annotations

Branches:
Dungeon (8/15)             Temple (1/1) D:7           Sewer (visited)
   Lair: D:8-11

Altars:
Ashenzari
Cheibriados
Dithmenos
Elyvilon
Fedhas
Gozag
Hepliaklqana
Kikubaaqudgha
Makhleb
Nemelex Xobeh
Okawaru
Qazlal
Ru
Sif Muna
Trog
Uskayaw
Vehumet
Wu Jian
Xom
Zin
The Shining One


Innate Abilities, Weirdness & Mutations

Your life essence is reduced to manifest your ancestor. (-10% HP)
You are too large for most types of armour.
You have claws for hands.
Your natural rate of healing is unusually fast.
You are covered in fur. (AC +1)
You have tough skin. (AC +1)


Message History

The killer bee stings you!
* * * LOW HITPOINT WARNING * * *
Anna closely misses the killer bee.
The killer bee stings Anna.
You closely miss the killer bee.
The killer bee is lightly wounded.
You feel very sick.
The killer bee barely misses you. x2; The killer bee stings Anna!
The killer bee stings you!
* * * LOW HITPOINT WARNING * * *
Unknown command.
Unknown command.
You feel better. The killer bee stings you.
* * * LOW HITPOINT WARNING * * *
The killer bee barely misses Anna.
The killer bee stings you!
* * * LOW HITPOINT WARNING * * *
You are poisoned.
The killer bee poisons you!
Anna misses the killer bee.
The killer bee stings you but does no damage.
The killer bee stings Anna!
Anna is destroyed!
The killer bee stings you.
* * * LOW HITPOINT WARNING * * *
You claw the killer bee!
You kill the killer bee!
You feel sick. The killer bee closely misses you.
The killer bee barely misses you.
Unknown command.
You feel sick.
The killer bee attacks as it pursues you!
The killer bee barely misses you.
The killer bee stings you but does no damage.
Things that are here:
a killer bee corpse; a killer bee corpse Unknown command.
You feel sick. The killer bee stings you.
* * * LOW HITPOINT WARNING * * *
Unknown command.
You claw the killer bee!
The killer bee is almost dead.
You die...

#.#'#.##[# #.# #.#
#.#.#.##.# #.# #.#
#.#.#.##.# #.# #.#
#........###### #.# #.#
###...........###.# #.#
##
#........y......#####.#
.##
#......##y#...........#
..###
#.#'##.##y##....#######
....# #.#.##.##@##.##.#
.#..# #.#.##.##.##.##.#
.#..# #.#.##.##.##....#
.#..####.#.##.#........#
.........#.##.#####...##
.#............# #...#
.#...##..#.########...#
........)....# #......#
##+###...#.#.# #...#.##


You could see 3 killer bees.

Vanquished Creatures
  Pikel (D:6)
  The ghost of CapUranus the Chopper, an amateur HOFi (D:4)
  An orc warrior (D:8)
  A sky beast (D:8)
  2 black bears
  A centaur (D:8)
  2 ogres (D:6)
  2 phantoms (D:5)
  Blork the orc (D:6)
  A bullfrog (D:8)
  2 kobold brigands
  A scorpion (D:7)
  5 killer bees (D:8)
  A howler monkey (D:8)
  2 bombardier beetles
  4 orc priests
  4 hounds
  3 iguanas
  2 sleepcaps
  2 orc wizards (D:7)
  A hell rat (Sewer)
  4 adders
  2 river rats (Sewer)
  A shadow imp (D:6)
  A white imp (D:6)
  2 ufetubi (D:6)
  2 dart slugs (D:2)
  21 orcs
  5 endoplasms
  7 giant cockroaches
  3 goblins
  7 hobgoblins
  12 kobolds
  8 quokkas
  5 ball pythons
  3 bats
  3 frilled lizards
  11 rats
137 creatures vanquished.

Vanquished Creatures (others)
  An ancestor (D:8)
  A kobold (D:7)
2 creatures vanquished.

Grand Total: 139 creatures vanquished

Notes
Turn   | Place    | Note
-------+----------+-------------------------------------------
     0 | D:1      | Doomgape the Troll Fighter began the quest for the Orb.
     0 | D:1      | Reached XP level 1. HP: 22/22 MP: 0/0
    78 | D:1      | Reached XP level 2. HP: 29/29 MP: 1/1
   588 | D:2      | Found a faded altar of an unknown god.
   601 | D:2      | Reached XP level 3. HP: 36/36 MP: 2/2
  1013 | D:2      | Identified the +0 leather armour "Huhuntumm" {rF+++ Will++
                  | rCorr Dex-2}
  1689 | D:3      | Reached XP level 4. HP: 41/44 MP: 3/3
  1694 | D:3      | Found a glowing drain.
  1721 | Sewer    | Entered a sewer
  1785 | Sewer    | Reached skill level 3 in Unarmed Combat
  2156 | D:3      | Found an iron altar of Okawaru.
  2158 | D:3      | Found an ornate altar of the Wu Jian Council.
  2234 | D:3      | Found a sparkling altar of Nemelex Xobeh.
  2316 | D:4      | Reached XP level 5. HP: 46/53 MP: 4/4
  2335 | D:4      | Found a large runed translucent door.
  2336 | D:4      | Found a large runed translucent door.
  3191 | D:4      | Noticed CapUranus's ghost (amateur HOFi)
  3377 | D:4      | Killed CapUranus's ghost
  3378 | D:4      | Reached skill level 4 in Unarmed Combat
  3378 | D:4      | Reached XP level 6. HP: 36/62 MP: 5/5
  3462 | D:5      | Entered Level 5 of the Dungeon
  3526 | D:5      | Reached XP level 7. HP: 39/70 MP: 6/6
  4098 | D:5      | Found a white marble altar of Elyvilon.
  4100 | D:5      | Found a radiant altar of Vehumet.
  4100 | D:5      | Found a shadowy altar of Dithmenos.
  4101 | D:5      | Found a burning altar of Makhleb.
  4427 | D:6      | Reached skill level 5 in Unarmed Combat
  4908 | D:6      | Noticed Blork the orc
  4919 | D:6      | Killed Blork the orc
  4920 | D:6      | Reached skill level 5 in Fighting
  4920 | D:6      | Reached XP level 8. HP: 51/80 MP: 7/7
  4981 | D:6      | Noticed Pikel
  4985 | D:6      | Killed Pikel
  4986 | D:6      | Reached skill level 5 in Dodging
  4986 | D:6      | Reached skill level 6 in Unarmed Combat
  4999 | D:6      | Found a glowing silver altar of Zin.
  5000 | D:6      | Noticed an angel
  5001 | D:6      | Found a shimmering altar of Xom.
  6037 | D:7      | Found a staircase to the Ecumenical Temple.
  6043 | Temple   | Entered the Ecumenical Temple
  6058 | Temple   | Became a worshipper of Hepliaklqana the Forgotten
  6249 | D:8      | Reached XP level 9. HP: 89/89 MP: 8/8
  6342 | D:8      | Reached skill level 7 in Unarmed Combat
  6665 | D:8      | HP: 4/92 [killer bee (4)]
  7109 | D:8      | Found a glowing golden altar of the Shining One.
  7109 | D:8      | Reached * piety under Hepliaklqana
  7267 | D:8      | HP: 1/82 [killer bee (6)]
  7268 | D:8      | Succumbed to a killer bee's poison

Illustrated notes

Levels and vault maps discovered:
D:1:      minmay_arrival_checkered_box, layout_loops_cross
D:2:      layout_basic, nicolae_ecumenical_oubliette
D:3:      minmay_general_purpose_star, layout_basic,
          nemelex_xobeh_ov_fountains_minmay, mainiacjoe_overflow_catwalk_spiral,
          gup_sewer_entry_pipe
D:4:      layout_loops_corners, ebering_ghost_disaster_area
D:5:      layout_loops_ring, minitemple, dreamdust_wishing_well
D:6:      layout_basic, grunt_temple_overflow_order_and_chaos_1,
          uniq_blork_the_orc, uniq_pikel
D:7:      layout_basic, minmay_temple_entry_trees
D:8:      layout_basic, marbit_many_paths, minmay_misc_feat_nine_boxes
Temple:   chequers_temple_sunken

Skill      XL: |  1  2  3  4  5  6  7  8  9 |
---------------+----------------------------+-----
Shields        | 3 |  3.3
Fighting       | 3 4 5 6 |  6.6
Dodging        | 3 4 6 |  6.5
Unarmed Combat | 3 4 5 6 7 |  7.5

Action                     |  1- 3 |  4- 6 |  7- 9 || total
---------------------------+-------+-------+-------++-------
  Melee: Unarmed           |   106 |   153 |   206 ||   465
         Punch             |       |     4 |     6 ||    10
 Invoke: Ancestor Identity |       |       |     2 ||     2
    Use: Scroll            |       |    10 |     7 ||    17
         Potion            |       |     2 |     9 ||    11
   Stab: Invisible         |       |       |     1 ||     1
 Armour: Robe              |    42 |    94 |   211 ||   347
  Dodge: Dodged            |    29 |    56 |   145 ||   230
  Block: Kite shield       |    34 |     1 |       ||    35
